 Dungeon Crawl Stone Soup version 0.25-a0-578-gc91f01c39c (webtiles) character file.

Game seed: 12378822234822134588, levelgen mode: deterministic

1282 Flugslaktarn the Chopper (level 8, -4/70 HPs)
             Began as a Minotaur Fighter on Mar 3, 2020.
             Was an Initiate of Makhleb.
             Slain by a troll (10 damage)
             ... on level 6 of the Dungeon.
             The game lasted 00:01:21 (3813 turns).

Flugslaktarn the Chopper (Minotaur Fighter)         Turns: 3813, Time: 00:01:21

Health: -4/70      AC:  7    Str: 22    XL:     8   Next: 29%
Magic:  8/8        EV:  8    Int:  5    God:    Makhleb [......]
Gold:   136        SH: 10    Dex: 11    Spells: 7/7 levels left

rFire    . . .     SeeInvis .   a - +0 war axe
rCold    . . .     Gourm    .   c - +0 kite shield
rNeg     . . .     Faith    .   b - +0 scale mail
rPois    .         Spirit   .   (helmet restricted)
rElec    .         Reflect  .   (no cloak)
rCorr    .         Harm     .   (no gloves)
MR       .....                  (no boots)
Stlth    ..........             (no amulet)
HPRegen  0.21/turn              (no ring)
MPRegen  0.11/turn              (no ring)

@: lightly drained
A: retaliatory headbutt, horns 2
a: Renounce Religion


You were on level 6 of the Dungeon.
You worshipped Makhleb.
Makhleb was noncommittal.
You were not hungry.

You visited 2 branches of the dungeon, and saw 7 of its levels.

You collected 136 gold pieces.

Inventory:

Hand Weapons
 a - a +0 war axe (weapon)
Armour
 b - a +0 scale mail (worn)
 c - a +0 kite shield (worn)
Jewellery
 s - an uncursed amulet of the acrobat {unknown}
   (You found it on level 5 of the Dungeon)
Wands
 v - a wand of digging (6)
   (You found it on level 5 of the Dungeon)
Scrolls
 g - a scroll of enchant armour {unknown}
 h - 4 scrolls of amnesia {unknown}
 i - 2 scrolls of teleportation {unknown}
 j - 5 scrolls of identify {unknown}
 k - 3 scrolls of enchant weapon {unknown}
 l - 5 scrolls of remove curse {unknown}
 m - a scroll of random uselessness {unknown}
 r - 3 scrolls of fog {unknown}
Potions
 d - 3 potions of might
 f - a potion of heal wounds {unknown}
 n - a potion of magic {unknown}
 o - a potion of brilliance {unknown}
 p - a potion of stabbing {unknown}
 q - a potion of curing
 t - a potion of cancellation {unknown}
Comestibles
 e - 4 rations


   Skills:
 + Level 6.2(5.7) Fighting
 * Level 7.7(7.2) Axes
 + Level 6.2(5.7) Armour
 + Level 6.3(5.8) Shields
 + Level 2.4(2.0) Invocations


You had 7 spell levels left.
You didn't know any spells.
Your spell library was empty.

Dungeon Overview and Level Annotations

Branches:
Dungeon (6/15)             Temple (1/1) D:5

Altars:
Ashenzari
Cheibriados
Elyvilon
Hepliaklqana
Kikubaaqudgha
Makhleb
Nemelex Xobeh
Sif Muna
Trog
Wu Jian
Xom
The Shining One


Innate Abilities, Weirdness & Mutations

You reflexively headbutt those who attack you in melee.
You have a pair of horns on your head.


Message History

You are too injured to fight recklessly!
You are too injured to fight recklessly!
You are too injured to fight recklessly!
You are too injured to fight recklessly!
You are too injured to fight recklessly!
You are too injured to fight recklessly!
You are too injured to fight recklessly!
You are too injured to fight recklessly!
You completely miss the troll.
The troll is lightly wounded.
You block the troll's attack. x2; The troll claws you.
* * * LOW HITPOINT WARNING * * *
You hit the troll.
The troll is moderately wounded.
The troll barely misses you. You furiously retaliate!
You headbutt the troll, but do no damage.
The troll closely misses you. The troll claws you.
* * * LOW HITPOINT WARNING * * *
The troll bites you!
You die...

#..... #!...
#.... ####...
#......
#....)#
#...T)##
#...)@.#
######.##
#..# .#
##.###.#
#..##.#
##>##.#
######..#.#
##.....#.#.#
##....#.#...#


You could see a troll.

Vanquished Creatures
  Pikel (D:5)
  Edmund (D:4)
  Menkaure (D:5)
  A phantom (D:4)
  A slave (D:5)
  Blork the orc (D:5)
  A scorpion (D:5)
  A water moccasin skeleton (D:5)
  3 wights (D:6)
  A howler monkey (D:5)
  A crimson imp (D:5)
  2 hounds (D:4)
  An orc wizard (D:4)
  3 worker ants
  4 adders
  A howler monkey skeleton (D:5)
  An adder zombie (D:5)
  An adder skeleton (D:4)
  A dart slug (D:4)
  A leopard gecko (D:4)
  9 orcs
  A ball python (D:5)
  3 giant cockroaches
  5 goblins
  2 jackals (D:4)
  2 bats (D:1)
  4 frilled lizards
  A kobold (D:1)
  A rat (D:1)
56 creatures vanquished.

Vanquished Creatures (others)
  A slave (D:5)
  An orc (D:5)
  A leopard gecko zombie (D:5)
3 creatures vanquished.

Grand Total: 59 creatures vanquished

Notes
Turn   | Place    | Note
-------+----------+-------------------------------------------
     0 | D:1      | Flugslaktarn the Minotaur Fighter began the quest for the
                  | Orb.
     0 | D:1      | Reached XP level 1. HP: 19/19 MP: 0/0
   215 | D:1      | Reached XP level 2. HP: 25/27 MP: 1/1
   327 | D:4      | Reached skill level 3 in Axes
   530 | D:4      | Reached XP level 3. HP: 30/33 MP: 2/2
  1355 | D:4      | Found a shattered altar of Ashenzari.
  1361 | D:4      | Reached skill level 4 in Axes
  1361 | D:4      | Reached XP level 4. HP: 39/40 MP: 3/3
  1511 | D:4      | Noticed a phantom
  1529 | D:4      | Killed a phantom
  1529 | D:4      | Reached XP level 5. HP: 32/47 MP: 4/4
  1567 | D:4      | Reached skill level 5 in Axes
  1863 | D:4      | Reached XP level 6. HP: 50/55 MP: 5/5
  2009 | D:4      | Noticed Edmund
  2031 | D:4      | Killed Edmund
  2031 | D:4      | Reached skill level 5 in Fighting
  2031 | D:4      | Reached skill level 5 in Armour
  2031 | D:4      | Reached skill level 5 in Shields
  2331 | D:4      | Found a bloodstained altar of Trog.
  2393 | D:5      | Entered Level 5 of the Dungeon
  2404 | D:5      | Found a staircase to the Ecumenical Temple.
  2405 | D:5      | Noticed Blork the orc
  2411 | D:5      | Killed Blork the orc
  2411 | D:5      | Reached skill level 6 in Axes
  2423 | Temple   | Entered the Ecumenical Temple
  2619 | Temple   | Became a worshipper of Makhleb the Destroyer
  2664 | D:5      | Reached XP level 7. HP: 53/61 MP: 6/6
  2892 | D:5      | Found a shimmering altar of Xom.
  2893 | D:5      | Found an ancient bone altar of Kikubaaqudgha.
  3063 | D:5      | Reached skill level 1 in Invocations
  3089 | D:5      | Noticed Pikel
  3104 | D:5      | Killed Pikel
  3104 | D:5      | Reached skill level 7 in Axes
  3104 | D:5      | Reached XP level 8. HP: 12/70 MP: 6/8
  3369 | D:5      | Noticed Menkaure
  3372 | D:5      | Killed Menkaure
  3800 | D:6      | Noticed a troll
  3813 | D:6      | Slain by a troll

Levels and vault maps discovered:
D:1:      co_arrival_random_square_maze, layout_rooms
D:2:      layout_loops_ring, okawaru_gym_becter, lemuel_coloured_pillars_altar,
          kennysheep_decorative_pillar, uniq_sigmund
D:3:      layout_loops_ring
D:4:      layout_loops_corners, nicolae_overflow_crystal_walls,
          nicolae_overflow_hidden_temple, uniq_edmund
D:5:      layout_basic, gammafunk_temple_overflow_statue,
          minmay_temple_entry_grid, first_ration, eino_tiny_chamber,
          uniq_blork_the_orc, uniq_pikel, uniq_menkaure
D:6:      layout_basic, vehumet_altar_wand_db, nicolae_qazlal_eye_of_the_storm,
          kennysheep_mini_moat
Temple:   dpeg_chambers_temple

Skill      XL: |  1  2  3  4  5  6  7 |
---------------+----------------------+-----
Axes           | 3 4 5 6 7 |  7.7
Fighting       | 4 5 6 |  6.2
Armour         | 4 5 6 |  6.2
Shields        | 4 5 6 |  6.3
Invocations    | 2 |  2.4

Action                   |  1- 3 |  4- 6 |  7- 9 || total
-------------------------+-------+-------+-------++-------
Melee: War axe           |    83 |    77 |    69 ||   229
       Headbutt          |     6 |    19 |     9 ||    34
  Eat: Chunk             |     1 |     4 |     4 ||     9
Armor: Scale mail        |    47 |    24 |    24 ||    95
Dodge: Dodged            |    32 |    14 |    27 ||    73
Block: Kite shield       |    49 |    37 |    41 ||   127

Table legend:
 A = Non-vault XP
 B = Vault XP
 C = Vault XP percentage of total XP
 D = Non-vault monster count
 E = Vault monster count
 F = Vault count percentage of total count
                 A         B        C        D         E       F
            +---------+---------+-------+---------+---------+-------
      Total |     901 |     931 |  50.8 |      51 |       4 |   7.3
            +---------+---------+-------+---------+---------+-------
        D:1 |      15 |       0 |   0.0 |      10 |       0 |   0.0
        D:3 |       1 |       0 |   0.0 |       1 |       0 |   0.0
        D:4 |     390 |     166 |  29.9 |      24 |       1 |   4.0
        D:5 |     319 |     765 |  70.6 |      13 |       3 |  18.8
        D:6 |     176 |       0 |   0.0 |       3 |       0 |   0.0
            +---------+---------+-------+---------+---------+-------
